 Dungeon Crawl Stone Soup version 0.32-a0-953-g508020473e (webtiles) character file.

Game seed: 8437330796844100095

37980 Doorstop00 the Protected (level 14, -14/87 HPs)
             Began as a Gargoyle Fighter on Apr 16, 2024.
             Was a Priest of the Shining One.
             Demolished by an ettin
             ... wielding a +0 dire flail
              (28 damage)
             ... on level 1 of the Orcish Mines.
             The game lasted 01:12:51 (16317 turns).

Doorstop00 the Protected (Gargoyle Fighter)        Turns: 16317, Time: 01:12:52

Health: -14/87     AC: 34    Str: 24    XL:     14   Next: 0%
Magic:  13/19      EV:  7    Int: 10    God:    the Shining One [***...]
Gold:   1341       SH: 19    Dex:  9    Spells: 13/13 levels left

rFire   + . .        B - +2 broad axe (elec)
rCold   . . .        D - +0 kite shield
rNeg    + + .        p - +0 plate armour
rPois   ∞            (no helmet)
rElec   +            t - +0 cloak
rCorr   .            (no gloves)
SInv    .            u - +2 pair of boots
Will    +....        v - amulet of magic regeneration Stlth
                     j - +4 ring of protection
HPRegen 0.34/turn    o - ring of protection from fire
MPRegen 0.56/turn

%: no passive effects
@: divinely shielded, about to teleport, flying, glowing
A: sickness immunity, AC +10, big wings, negative energy resistance 1,
electricity resistance, torment resistance 1, petrification resistance
a: Renounce Religion, Divine Shield, Cleansing Flame


You were on level 1 of the Orcish Mines.
You worshipped the Shining One.
The Shining One was most pleased with you.
You visited 4 branches of the dungeon, and saw 15 of its levels.

You collected 1341 gold pieces.

Inventory:

Hand Weapons
 B - a +2 broad axe of electrocution (weapon)
 I - a +3 flail
Armour
 p - a +0 plate armour (worn)
 t - a +0 cloak (worn)
 u - a +2 pair of boots (worn)
 D - a +0 kite shield (worn)
Jewellery
 j - a +4 ring of protection (left hand)
 o - a ring of protection from fire (right hand)
 v - an amulet of magic regeneration (around neck)
 z - a ring of flight
 A - a ring of positive energy
Wands
 a - a wand of polymorph (7)
 x - a wand of flame (7)
 C - a wand of charming (9)
 F - a wand of digging (8)
 K - a wand of warping (11)
Scrolls
 k - 3 scrolls of teleportation
 l - 2 scrolls of enchant weapon
 r - 4 scrolls of revelation
 w - 3 scrolls of fear
 M - 2 scrolls of immolation
 O - 3 scrolls of identify
Potions
 d - a potion of might
 f - 5 potions of curing
 g - 2 potions of ambrosia
 m - 4 potions of enlightenment
 n - a potion of berserk rage
 q - a potion of brilliance
 s - 2 potions of magic
 E - a potion of lignification
Miscellaneous
 N - a phantom mirror


   Skills:
 * Level 9.8 Fighting
 + Level 9.6(11.1) Axes
 * Level 9.8(11.7) Maces & Flails
 * Level 10.5 Armour
 * Level 6.4 Dodging
 - Level 0.2 Stealth
 * Level 10.2 Shields
 * Level 7.3 Invocations
 * Level 6.0 Evocations


You had 13 spell levels left.
You didn't know any spells.
Your spell library contained the following spells:

 Spells                   Type           Power      Damage    Failure   Level
 Magic Dart               Conj           0%         1d3       100%        1
 Necrotise                Necr           0%         1d4       100%        1
 Shock                    Conj/Air       0%         1d3       100%        1
 Sting                    Conj/Alch      0%         1d3       100%        1
 Ensorcelled Hibernation  Hex/Ice        0%         N/A       100%        2
 Mercury Vapours          Alch/Air       0%         N/A       100%        2
 Searing Ray              Conj           0%         2d4       100%        2
 Frozen Ramparts          Ice            0%         1d1       100%        3
 Fugue of the Fallen      Necr           0%         N/A       100%        3
 Maxwell's Portable Pile  Tloc           0%         2d(5-13)  100%        3
 Ozocubu's Armour         Ice            0%         N/A       100%        3
 Swiftness                Air            0%         N/A       100%        3
 Tukima's Dance           Hex            0%         N/A       100%        3
 Vampiric Draining        Necr           0%         2d6       100%        3
 Airstrike                Air            0%         2d(0-16)  100%        4
 Anguish                  Hex/Necr       0%         N/A       100%        4
 Dimensional Bullseye     Hex/Tloc       0%         N/A       100%        4
 Fulminant Prism          Conj/Alch      0%         3d5       100%        4
 Ignite Poison            Fire/Alch      0%         N/A       100%        4
 Iskenderun's Mystic Bla Conj/Tloc 0%             2d3        (+2d1     100%        4
 Martyr's Knell           Necr/Summ      0%         N/A       100%        4
 Olgreb's Toxic Radiance  Alch           0%         N/A       100%        4
 Passage of Golubria      Tloc           0%         N/A       100%        4
 Sticky Flame             Fire/Alch      0%         2d4       100%        4
 Curse of Agony           Necr           0%         N/A       100%        5
 Metabolic Englaciation   Hex/Ice        0%         N/A       100%        5
 Yara's Violent Unravell  Hex/Alch       0%         3d3       100%        5
 Magnavolt                Erth/Air       0%         3d9       100%        7
 Ignition                 Fire           0%         3d3       100%        8
 Maxwell's Capacitive Co  Air            0%         ∞         100%        8


Dungeon Overview and Level Annotations

Branches:
Dungeon (10/15)            Temple (1/1) D:5            Lair (2/5) D:10
 Spider (0/4) Lair:2          Orc (2/2) D:9             Elf (0/3) Orc:2
  Swamp: Lair:2-3    Shoals: Lair:2-3

Altars:
Ashenzari
Cheibriados
Dithmenos
Elyvilon
Fedhas
Gozag
Hepliaklqana
Kikubaaqudgha
Makhleb
Nemelex Xobeh
Okawaru
Qazlal
Ru
Sif Muna
Trog
Uskayaw
Vehumet
Wu Jian
Xom
Yredelemnul
Zin
The Shining One
Beogh

Shops:
D:4 *   D:7 (

Annotations:
Lair:2 2 transporters, andrew's ghost, journeyman MDBe


Innate Abilities, Weirdness & Mutations

You are immune to sickness and miasma.
Your stone body is resilient. (AC +10)
You are immune to poison.
Your large and strong wings let you fly.
You resist negative energy. (rN+)
You are resistant to electric shocks. (rElec)
You are resistant to unholy torment.
You are immune to petrification.


Message History

You block the ogre's attack.
You hit the ogre.
The ogre is heavily wounded.
The ogre barely misses you.
You slash the ogre!
You kill the ogre!
You have reached level 14!
Your wings grow larger and stronger.
You fly downwards.
You block the ettin's attack.
The ettin hits you with a +0 dire flail!
There is a stone staircase leading up here.
The warg barely misses you. You block the warg's attack.
The ettin hits you with a +0 dire flail!
The ettin hits you with a +0 dire flail!!
You fly upwards.
There is a stone staircase leading down here.
Activating: Cleansing Flame (24% risk of failure)
Press: ? - help, Dir - look around, f - activate The golden flame engulfs you but does no damage.
The golden flame engulfs the ettin!
The ettin is lightly wounded.
The golden flame engulfs the warg but does no damage.
The warg barely misses you.
The ettin hits you with a +0 dire flail!
* * * LOW HITPOINT WARNING * * *
The ettin barely misses you.
Your shield is strengthened by the Shining One's divine power.
You block the warg's attack.
The ettin hits you with a +0 dire flail.
* * * LOW HITPOINT WARNING * * *
The ettin hits you but does no damage. You block the warg's attack.
Okay, then.
As you read the scroll of teleportation, it crumbles to dust.
You feel strangely unstable. The warg bites you but does no damage.
You block the ettin's attack. x2
The warg attacks as it pursues you! The warg bites you.
* * * LOW HITPOINT WARNING * * *
The ettin attacks as it pursues you!
The ettin hits you with a +0 dire flail!!
You die...

.#..## ####.......##..#.......
)....# #....#...#..........#
)....# #...#...............#
).#.#### ##..#.............#...
.....#.#####.........#.......##>.
..#.#.....###.........#.......##.
...###.....###.............#.####
....###...#.##...........##.##
............)...@h...........#
........#.#[##..C>..........##
....)....######..)..........##
.....##.## #..............#
......### ##...........#.##
...#.## #.............## ....##
##........##.## ##.##
##......##### ##.## ######......#


You could see an ettin and a warg.

Vanquished Creatures
  Nessos (Orc:2)
  A fire dragon (Lair:2)
  Fannar (Orc:1)
  9 two-headed ogres
  Erica (D:10)
  An orc high priest (Orc:1)
  Nergalle (Lair:2)
  A skyshark (Lair:1)
  Amaemon (Lair:2)
  2 deep trolls (Orc:1)
  A lindwurm (Lair:2)
  2 orc knights
  Maurice (D:7)
  2 kobold blastminers
  2 cyclopes (Orc:1)
  An orange demon (Lair:1)
  A black mamba (Lair:1)
  9 cane toads
  2 rime drakes
  5 komodo dragons
  10 trolls
  2 hornets
  5 blink frogs
  A shadow (D:9)
  3 wyverns
  29 yaks
  A fire bat (D:9)
  4 wargs
  5 steam dragons
  2 vampire mosquitoes (D:10)
  2 acid dragons (D:10)
  3 water moccasins
  11 orc warriors
  A black bear (Lair:1)
  2 sky beasts
  2 ice beasts
  10 wolves (Lair:1)
  30 ogres
  A phantom (D:3)
  A centaur (D:8)
  4 bullfrogs
  A weeping skull (D:6)
  A kobold brigand (D:9)
  12 scorpions
  12 wights
  6 killer bees
  5 howler monkeys
  An electric eel (Lair:2)
  3 jellies
  11 orc priests
  A bombardier beetle (D:4)
  3 hounds
  A sleepcap (D:3)
  5 iguanas
  Terence (D:3)
  14 orc wizards
  A hell rat (D:10)
  4 gnolls (D:5)
  2 river rats (D:10)
  9 adders
  A shadow imp (D:6)
  3 white imps
  2 ufetubi (D:5)
  A dart slug (D:1)
  77 orcs
  7 endoplasms
  6 giant cockroaches
  10 hobgoblins
  7 jackals
  6 quokkas
  8 ball pythons
  3 bats (D:3)
  A frilled lizard (D:2)
  7 goblins
  12 kobolds
  4 rats
  A spectral orc (D:6)
423 creatures vanquished.

Vanquished Creatures (collateral kills)
  Prince Ribbit (D:8)
1 creature vanquished.

Vanquished Creatures (others)
  An orc (D:6)
1 creature vanquished.

Grand Total: 425 creatures vanquished

Notes
Turn   | Place    | Note
-------+----------+-------------------------------------------
     0 | D:1      | Doorstop00 the Gargoyle Fighter began the quest for the
                  | Orb.
     0 | D:1      | Reached XP level 1. HP: 14/14 MP: 1/1
    93 | D:1      | Reached XP level 2. HP: 19/19 MP: 2/2
   455 | D:1      | Reached XP level 3. HP: 22/23 MP: 3/3
   720 | D:2      | Reached XP level 4. HP: 26/29 MP: 4/4
  1542 | D:3      | Found a blossoming altar of Fedhas.
  1647 | D:3      | Noticed a phantom
  1684 | D:3      | Killed a phantom
  1685 | D:3      | Reached skill level 1 in Dodging
  1685 | D:3      | Reached XP level 5. HP: 11/33 MP: 5/5
  1892 | D:3      | Noticed Terence
  1914 | D:3      | Killed Terence
  2068 | D:3      | Reached XP level 6. HP: 36/38 MP: 6/6
  2637 | D:4      | Reached skill level 5 in Armour
  2719 | D:4      | Found a glowing silver altar of Zin.
  2827 | D:4      | Noticed an ice beast
  2845 | D:4      | Killed an ice beast
  2846 | D:4      | Reached XP level 7. HP: 28/44 MP: 7/7
  3112 | D:4      | Found Oselaih's Assorted Antiques.
  3651 | D:5      | Entered Level 5 of the Dungeon
  4092 | D:5      | Reached skill level 5 in Shields
  4152 | D:5      | Reached XP level 8. HP: 36/48 MP: 8/8
  4245 | D:5      | Reached skill level 5 in Maces & Flails
  4386 | D:5      | Found a staircase to the Ecumenical Temple.
  4400 | Temple   | Entered the Ecumenical Temple
  4429 | Temple   | Became a worshipper of the Shining One
  4483 | D:5      | Found a sacrificial altar of Ru.
  4689 | D:5      | Reached skill level 5 in Fighting
  5117 | D:6      | Found a shimmering altar of Xom.
  5174 | D:6      | Found a basalt altar of Yredelemnul.
  5698 | D:6      | Reached skill level 1 in Axes
  5698 | D:6      | Reached XP level 9. HP: 46/54 MP: 9/9
  6100 | D:7      | Noticed a hornet
  6111 | D:7      | Killed a hornet
  6415 | D:7      | Reached * piety under the Shining One
  6504 | D:7      | Found Zejeju's Weapon Shop.
  6577 | D:7      | Reached skill level 1 in Invocations
  6589 | D:7      | Reached skill level 1 in Evocations
  6637 | D:7      | Found a hazy altar of Hepliaklqana.
  7089 | D:8      | Found a broken altar of Ashenzari.
  7089 | D:8      | Noticed a hornet
  7100 | D:8      | Killed a hornet
  7101 | D:8      | Reached XP level 10. HP: 46/61 MP: 11/11
  7550 | D:8      | Noticed Maurice
  7555 | D:8      | Noticed Prince Ribbit
  7561 | D:8      | Killed Prince Ribbit
  7577 | D:8      | Maurice stole 129 gold
  7578 | D:8      | Maurice stole a ring of flight
  7620 | D:7      | Reached skill level 5 in Axes
  7685 | D:8      | Maurice stole a +1 buckler
  7696 | D:8      | Maurice stole a +2 whip of electrocution
  7752 | D:7      | Maurice stole a throwing net
  7754 | D:8      | Maurice stole 103 gold
  7772 | D:7      | Maurice stole 132 gold
  7780 | D:7      | Maurice stole 101 gold
  7781 | D:7      | Killed Maurice
  7882 | D:9      | Reached ** piety under the Shining One
  8197 | D:9      | Found a staircase to the Orcish Mines.
  8243 | D:9      | Found an opulent altar of Gozag.
  8244 | D:9      | Noticed a two-headed ogre
  8252 | D:9      | Killed a two-headed ogre
  8253 | D:9      | Reached XP level 11. HP: 62/67 MP: 13/13
  8327 | D:9      | Noticed a two-headed ogre
  8339 | D:9      | Killed a two-headed ogre
  8927 | D:9      | Noticed Psyche
  8938 | D:9      | Psyche changed into Psyche the fire bat
  8938 | D:9      | Noticed Psyche
  8944 | D:9      | Killed Psyche the fire bat
  8956 | D:9      | Found a shimmering blue altar of Sif Muna.
  9042 | D:9      | Found an iron altar of Okawaru.
  9156 | D:10     | Entered Level 10 of the Dungeon
  9302 | D:10     | Noticed Erica
  9315 | D:10     | Killed Erica
  9516 | D:10     | Found a staircase to the Lair.
  9518 | D:10     | Found a burning altar of Makhleb.
  9750 | D:10     | Reached *** piety under the Shining One
 10251 | Lair:1   | Entered Level 1 of the Lair of Beasts
 10295 | Lair:1   | Reached skill level 5 in Invocations
 10353 | Lair:1   | Reached XP level 12. HP: 64/73 MP: 15/15
 10477 | Lair:1   | Reached skill level 5 in Dodging
 10827 | Lair:1   | Noticed a skyshark
 10839 | Lair:1   | Killed a skyshark
 11431 | Lair:2   | Noticed Nergalle
 11451 | Lair:2   | Killed Nergalle
 11620 | Lair:2   | Found a transporter.
 11634 | Lair:2   | Found a transporter.
 11634 | Lair:2   | Noticed andrew's ghost (journeyman MDBe)
 11635 | Lair:2   | Noticed a four-headed hydra
 11768 | Lair:2   | Noticed Amaemon
 11949 | Lair:2   | Reached skill level 5 in Evocations
 12079 | Lair:2   | Killed Amaemon
 12162 | Lair:2   | Identified the +4 barding of Hipiy {rC+}
 12175 | Lair:2   | Noticed a fire dragon
 12198 | Lair:2   | Killed a fire dragon
 12199 | Lair:2   | Reached XP level 13. HP: 26/80 MP: 17/17
 12362 | Lair:2   | Identified the dragon-blood talisman "Damnable Contraption"
                  | {rC+ Int+3}
 12466 | Lair:2   | Found a hole to the Spider Nest.
 13050 | Orc:1    | Entered Level 1 of the Orcish Mines
 13050 | Orc:1    | Noticed Fannar
 13071 | Orc:1    | Killed Fannar
 13823 | D:9      | HP: 4/80 [warg (15)]
 14093 | Orc:2    | Entered Level 2 of the Orcish Mines
 14093 | Orc:2    | Found a staircase to the Elven Halls.
 14154 | Orc:2    | Noticed Nessos
 14490 | Orc:2    | Killed Nessos
 14655 | Orc:1    | Reached skill level 10 in Armour
 15003 | Orc:1    | Found a roughly hewn altar of Beogh.
 15008 | Orc:1    | Reached **** piety under the Shining One
 15539 | Orc:1    | Reached skill level 10 in Shields
 16301 | Orc:2    | Noticed an ettin
 16310 | Orc:1    | Gained mutation: Your large and strong wings let you fly.
                  | [Gargoyle growth]
 16310 | Orc:1    | Reached XP level 14. HP: 87/87 MP: 19/19
 16317 | Orc:1    | Demolished by an ettin

Illustrated notes

Levels and vault maps discovered:
D:1:      grunt_arrival_crossed_arrows, layout_basic
D:2:      layout_basic
D:3:      layout_loops_corners, lemuel_tele_altar, uniq_terence
D:4:      layout_basic, zin_scriptorium, serial_shops,
          nicolae_shop_behind_doors, nicolae_houndstooth_variations
D:5:      layout_gridville, mainiacjoe_overflow_paths, temple_fountains,
          minmay_misc_feat_ornament
D:6:      layout_basic, lemuel_crystal_altar,
          yredelemnul_forgotten_temple_becter, minmay_checkerbox
D:7:      layout_loops_ring, nicolae_hepliaklqana_hazy_memory, serial_shops,
          shop
D:8:      layout_basic, cheibrodos_ashenzari_chains, uniq_prince_ribbit1,
          uniq_maurice
D:9:      layout_basic, kennysheep_okawaru_gauntlet,
          mainiacjoe_overflow_small_starburst, tgw_sif, david_orc_2,
          enter_bailey_4, uniq_psyche
D:10:     layout_loops_ring, mainiacjoe_overflow_tiny_flanked,
          dpeg_lair_monsters, uniq_erica
Temple:   chequers_temple_sunken
Lair:1:   layout_chaotic_city, st_stairs_12
Lair:2:   layout_roguey, nicolae_spider_entry_non_spiders, nzn_ghost_randoct,
          minmay_stone_trees_small, hellmonk_talismancer, serial_bayou_shore_a,
          uniq_nergalle, uniq_amaemon
Orc:1:    layout_caves, minmay_orc_temple_c, uniq_fannar
Orc:2:    st_orc_open, layout_diamond_mine, uniq_nessos

Skill      XL: |  1  2  3  4  5  6  7  8  9 10 11 12 13 |
---------------+----------------------------------------+-----
Maces & Flails | 3 4 6 7 8 9 |  9.8
Armour         | 4 5 6 7 8 9 10 | 10.5
Fighting       | 4 5 6 7 8 9 |  9.8
Dodging        | 1 2 3 4 5 6 |  6.4
Shields        | 4 5 6 7 8 9 10 | 10.2
Axes           | 1 4 5 7 8 9 |  9.6
Invocations    | 2 3 5 6 7 |  7.3
Evocations     | 1 3 4 5 6 |  6.0
Stealth        | |  0.2

Action                     |  1- 3 |  4- 6 |  7- 9 | 10-12 | 13-15 || total
---------------------------+-------+-------+-------+-------+-------++-------
  Melee: Flail             |    94 |   105 |       |       |       ||   199
         Whip              |       |    94 |   205 |       |       ||   299
         Broad axe         |       |       |   128 |   479 |   247 ||   854
         Unarmed           |       |       |       |     6 |       ||     6
 Invoke: Divine Shield     |       |       |       |     2 |     4 ||     6
         Cleansing Flame   |       |       |       |       |     3 ||     3
  Evoke: Wand              |       |       |       |     2 |     3 ||     5
    Use: Scroll            |     1 |     3 |    10 |     4 |     1 ||    19
         Potion            |       |       |       |     1 |     3 ||     4
 Armour: Scale mail        |    80 |    38 |       |       |       ||   118
         Chain mail        |       |   105 |     6 |       |       ||   111
         Plate armour      |       |       |   256 |   602 |   377 ||  1235
         Skin              |       |       |       |    13 |       ||    13
  Dodge: Dodged            |    43 |    87 |    67 |   158 |   161 ||   516
  Block: Buckler           |    33 |    59 |    56 |       |       ||   148
         Kite shield       |       |       |    45 |   339 |   277 ||   661

Table legend: (Time is in decaauts)
 A = Elapsed time spent in this place.
 B = Non-inter-level travel time spent in this place.
 C = Inter-level travel time spent in this place.
 D = Time resting spent in this place.
 E = Time spent auto-exploring this place.
 F = Levels seen in this place.
 G = Mean time per level.
                   A        B        C        D        E       F      G
               +--------+--------+--------+--------+--------+-----+--------+
         Total |  16657 |  16275 |    382 |   3672 |   7105 |  15 | 1110.5 |
       Dungeon |  10765 |  10409 |    356 |   1463 |   5522 |  10 | 1076.5 |
        Temple |     69 |     69 |      0 |      0 |      0 |   1 |   69.0 |
          Lair |   2801 |   2776 |     25 |    847 |   1149 |   2 | 1400.5 |
  Orcish Mines |   3020 |   3020 |      0 |   1362 |    434 |   2 | 1510.0 |
               +--------+--------+--------+--------+--------+-----+--------+

Top non-repeatable levels by time:
   Orc:1: 2651 daAuts
  Lair:1: 1443 daAuts
     D:6: 1421 daAuts
     D:9: 1390 daAuts
  Lair:2: 1358 daAuts
     D:4: 1222 daAuts
     D:3: 1209 daAuts
    D:10: 1186 daAuts
     D:7: 1136 daAuts
     D:8: 934 daAuts
     D:2: 902 daAuts
     D:5: 862 daAuts
     D:1: 499 daAuts
   Orc:2: 369 daAuts
  Temple: 69 daAuts
